AoeStats
← my_dad

Four Lakes

510219332Analyzed
1v1 RM · 1d ago on Sep 30, 2026· 33m 9s· 2 players
Game mode
Random Map
Map size
Tiny (2 player)
Population
200
Speed
Normal
Resources
Standard
Victory
Conquest
Starting age
Dark Age
Ending age
Imperial Age
RankedLock teamsTeams togetherTeam positionsShared explorationLock speedFull tech treeHidden civsTurbo modeCheats
Victory
Defeat
🇧🇷 Saracens · Brazil
1479
+15
🇩🇪 Burmese · Germany
1450
-15
my_dad
7:16 Loom
9:28 Feudal Age
12:24 Fishing Lines
17:37 Castle Age
16:53 Horse Collar
18:44 Scale Barding Armor
18:38 Fletching
20:54 Medium Warships
31:23 Pikeman
GAX | GGui
6:56 Loom
9:49 Feudal Age
11:06 Double-Bit Axe
11:19 Fishing Lines
11:58 Man-at-Arms
17:38 Fletching
18:59 Padded Archer Armor
21:33 Scale Barding Armor
21:40 Forging
24:40 Castle Age
23:13 Gold Mining
24:57 Bloodlines
25:48 Medium Warships
25:07 Light Cavalry
25:47 Husbandry
26:58 Chain Barding Armor
29:41 Bow Saw
31:58 Iron Casting
Connection lost

Rejoining the realm…

Still unreachable

The connection could not be restored.

Session expired

The server has moved on; the page needs a fresh start.